General information
- name: BNet
- type: Ladder team game (AT/RT)
- host: Battle.net
- saver: 1st.Legion
map: MarketSquare
- players: 8
- length: 17:32
- speed: Fast
- version: 1.26 W3XP
- replay type: Public
» download(141 KB)
Players
team 1 (winner)
kendokhan (
blue | 42 APM | 733 actions | 17:32)
4 Demon Hunter
1 Immolation
2 Mana Burn
1 Evasion
4 Goblin Tinker
2 Pocket Factory
2 Engineering Upgrade
» actions
| Assign group hotkey | 13 | |
| Basic commands | 15 | |
| Build / train | 55 | |
| Enter build submenu | 14 | |
| Enter hero's abilities submenu | 8 | |
| Right click | 271 | |
| Select / deselect | 249 | |
| Select group hotkey | 39 | |
| Use ability | 69 | |
733 total
» units
| Wisp | 19 | |
| Archer | 4 | |
| Druid of the Claw | 4 | |
| Dryad | 1 | |
28 total
» upgrades
| Reinforced Hides | 3 | |
| Strength of the Wild | 3 | |
| Druid of the Claw Training | 2 | |
| Mark of the Claw | 1 | |
| Abolish Magic | 1 | |
10 total
» buildings
| Moon Well | 7 | |
| Altar of Elders | 1 | |
| Ancient of War | 1 | |
| Tree of Ages | 1 | |
| Hunter's Hall | 1 | |
| Ancient of Wonders | 1 | |
| Tree of Eternity | 1 | |
| Ancient of Lore | 2 | |
| Tree of Life | 1 | |
16 total
» build order
00:12 Moon Well
00:15 Altar of Elders
00:34 Ancient of War
01:22 Moon Well
02:43 Tree of Ages
03:24 Hunter's Hall
04:12 Moon Well
04:41 Ancient of Wonders
07:03 Tree of Eternity
07:12 Ancient of Lore
07:13 Ancient of Lore
08:51 Tree of Life
12:58 Moon Well
13:07 Moon Well
16:05 Moon Well
16:06 Moon Well
» items
| Lesser Clarity Potion | 2 | |
| Boots of Speed | 1 | |
| Potion of Lesser Invulnerability | 1 | |
| Scroll of Protection | 1 | |
5 total

»
Old-Saint-Nick (
purple | 145 APM | 2538 actions | 17:32)
3 Death Knight
2 Death Coil
1 Unholy Aura
3 Lich
2 Frost Nova
1 Frost Armor
2 Dreadlord
1 Sleep
1 Vampiric Aura
» actions
| Assign group hotkey | 22 | |
| Build / train | 57 | |
| Enter build submenu | 19 | |
| Enter hero's abilities submenu | 8 | |
| Remove unit from queue | 3 | |
| Right click | 1145 | |
| Select / deselect | 175 | |
| Select group hotkey | 1065 | |
| Use ability | 44 | |
2538 total
» units
» upgrades
| Creature Attack | 3 | |
| Creature Carapace | 3 | |
| Stone Form | 1 | |
7 total
» buildings
| Ziggurat | 8 | |
| Crypt | 3 | |
| Altar of Darkness | 1 | |
| Graveyard | 1 | |
| Nerubian Tower | 1 | |
| Tomb of Relics | 1 | |
| Halls of the Dead | 1 | |
| Black Citadel | 1 | |
17 total
» build order
00:08 Ziggurat
00:11 Crypt
00:46 Altar of Darkness
01:58 Graveyard
02:37 Ziggurat
03:50 Nerubian Tower
03:58 Tomb of Relics
04:25 Ziggurat
06:53 Halls of the Dead
07:44 Crypt
08:39 Crypt
09:00 Ziggurat
09:17 Ziggurat
09:20 Black Citadel
10:02 Ziggurat
14:42 Ziggurat
16:28 Ziggurat
» items
| Scroll of Town Portal | 2 | |
| Orb of Corruption | 2 | |
| Scroll of Healing | 2 | |
| Potion of Healing | 1 | |
7 total

»
LOBOFURTIVO (
red | 38 APM | 675 actions | 17:32)
4 Blademaster
1 Wind Walk
2 Critical Strike
1 Mirror Image
3 Tauren Chieftain
2 Endurance Aura
1 War Stomp
» actions
| Assign group hotkey | 54 | |
| Basic commands | 58 | |
| Build / train | 58 | |
| Enter build submenu | 20 | |
| Enter hero's abilities submenu | 7 | |
| Right click | 117 | |
| Select / deselect | 146 | |
| Select group hotkey | 164 | |
| Use ability | 51 | |
675 total
» units
| Peon | 12 | |
| Grunt | 4 | |
| Troll Witch Doctor | 2 | |
| Kodo Beast | 1 | |
| Forest Troll High Priest | 1 | |
| Tauren | 4 | |
24 total
» upgrades
| Pillage | 1 | |
| Spiked Barricades | 2 | |
| Armor | 3 | |
| Melee Weapons | 3 | |
| Witch Doctor Training | 2 | |
| Shaman Training | 1 | |
| War Drums Damage Increase | 1 | |
| Pulverize | 1 | |
| Reinforced Defenses | 1 | |
15 total
» buildings
| Orc Burrow | 7 | |
| Altar of Storms | 1 | |
| Voodoo Lounge | 2 | |
| Barracks | 1 | |
| War Mill | 2 | |
| Watch Tower | 7 | |
| Stronghold | 1 | |
| Fortress | 1 | |
| Spirit Lodge | 1 | |
| Beastiary | 1 | |
| Tauren Totem | 2 | |
26 total
» build order
00:28 Orc Burrow
00:34 Altar of Storms
00:47 Voodoo Lounge
01:16 Barracks
01:29 Voodoo Lounge
01:43 Orc Burrow
01:48 Orc Burrow
02:16 War Mill
03:34 Watch Tower
03:35 Watch Tower
04:25 Watch Tower
06:40 Stronghold
06:49 Orc Burrow
06:50 Orc Burrow
09:04 Fortress
09:09 Spirit Lodge
09:14 Beastiary
10:21 Watch Tower
10:21 Watch Tower
10:23 Watch Tower
12:49 Tauren Totem
12:50 Tauren Totem
12:56 Watch Tower
13:01 Orc Burrow
13:03 Orc Burrow
14:27 War Mill
» items
| Healing Salve | 1 | |
| Lesser Clarity Potion | 1 | |
| Boots of Speed | 2 | |
4 total
Cellreturns (
orange | 33 APM | 573 actions | 17:32)
2 Archmage
1 Summon Water Elemental
1 Blizzard
» actions
| Basic commands | 68 | |
| Build / train | 54 | |
| Enter build submenu | 24 | |
| Enter hero's abilities submenu | 2 | |
| Right click | 134 | |
| Select / deselect | 243 | |
| Use ability | 48 | |
573 total
» units
| Peasant | 22 | |
| Mortar Team | 2 | |
| Siege Engine | 9 | |
33 total
» upgrades
| Gunpowder | 2 | |
| Masonry | 3 | |
| Lumber Harvesting | 2 | |
| Flare | 1 | |
| Plating | 2 | |
| Barrage | 1 | |
11 total
» buildings
| Altar of Kings | 1 | |
| Farm | 11 | |
| Lumber Mill | 1 | |
| Scout Tower | 3 | |
| Arcane Tower | 1 | |
| Town Hall | 3 | |
| Keep | 2 | |
| Blacksmith | 1 | |
| Guard Tower | 2 | |
| Castle | 1 | |
| Workshop | 4 | |
30 total
» build order
00:11 Altar of Kings
00:39 Farm
00:57 Lumber Mill
01:19 Farm
02:00 Scout Tower
02:33 Arcane Tower
03:38 Town Hall
03:52 Keep
03:52 Keep
04:06 Blacksmith
05:23 Farm
05:32 Scout Tower
05:36 Scout Tower
06:05 Farm
06:14 Guard Tower
06:34 Castle
06:50 Workshop
06:53 Workshop
07:47 Town Hall
08:53 Farm
09:34 Farm
10:22 Farm
11:08 Farm
11:34 Workshop
11:36 Workshop
11:51 Farm
12:56 Farm
14:40 Farm
16:17 Town Hall
team 2 (loser)

»
xxeman (
yellow | 82 APM | 1417 actions | 17:22)
4 Mountain King
2 Storm Bolt
2 Bash
2 Paladin
1 Holy Light
1 Divine Shield
» actions
| Build / train | 58 | |
| Enter build submenu | 21 | |
| Enter hero's abilities submenu | 7 | |
| Right click | 997 | |
| Select / deselect | 275 | |
| Use ability | 59 | |
1417 total
» units
| Peasant | 13 | |
| Footman | 6 | |
| Rifleman | 6 | |
| Priest | 7 | |
| Siege Engine | 4 | |
36 total
» upgrades
| Priest Training | 2 | |
| Barrage | 1 | |
| Long Rifles | 1 | |
| Gunpowder | 1 | |
| Armor | 1 | |
6 total
» buildings
| Altar of Kings | 1 | |
| Farm | 10 | |
| Barracks | 1 | |
| Lumber Mill | 1 | |
| Scout Tower | 2 | |
| Guard Tower | 2 | |
| Keep | 1 | |
| Arcane Vault | 1 | |
| Blacksmith | 1 | |
| Castle | 1 | |
| Town Hall | 1 | |
| Arcane Sanctum | 1 | |
| Workshop | 2 | |
25 total
» build order
00:11 Altar of Kings
00:16 Farm
00:31 Barracks
02:19 Farm
02:26 Lumber Mill
03:31 Scout Tower
03:44 Farm
03:51 Scout Tower
04:13 Guard Tower
04:17 Keep
04:20 Farm
04:38 Arcane Vault
04:40 Guard Tower
05:04 Blacksmith
06:23 Farm
06:58 Castle
08:05 Town Hall
09:20 Arcane Sanctum
09:28 Workshop
11:17 Farm
11:59 Farm
14:28 Workshop
14:35 Farm
15:40 Farm
15:48 Farm
» items
| Scroll of Regeneration | 2 | |
| Scroll of Town Portal | 1 | |
3 total

»
THEYCALLMEGREAT (
teal | 42 APM | 667 actions | 15:56)
3 Death Knight
1 Death Coil
2 Unholy Aura
» actions
| Build / train | 50 | |
| Enter build submenu | 24 | |
| Enter hero's abilities submenu | 3 | |
| Right click | 359 | |
| Select / deselect | 178 | |
| Use ability | 53 | |
667 total
» units
| Acolyte | 10 | |
| Ghoul | 6 | |
| Crypt Fiend | 9 | |
| Gargoyle | 2 | |
| Obsidian Statue | 2 | |
29 total
» upgrades
| Creature Carapace | 1 | |
| Creature Attack | 1 | |
| Web | 1 | |
| Stone Form | 1 | |
| Destroyer Form | 1 | |
5 total
» buildings
| Crypt | 1 | |
| Ziggurat | 9 | |
| Graveyard | 1 | |
| Altar of Darkness | 1 | |
| Nerubian Tower | 1 | |
| Tomb of Relics | 1 | |
| Spirit Tower | 6 | |
| Halls of the Dead | 1 | |
| Black Citadel | 1 | |
| Necropolis | 2 | |
| Slaughterhouse | 1 | |
| Sacrificial Pit | 1 | |
| Boneyard | 2 | |
28 total
» build order
00:09 Crypt
00:11 Ziggurat
00:47 Graveyard
01:11 Altar of Darkness
01:50 Ziggurat
01:53 Nerubian Tower
02:11 Tomb of Relics
03:07 Spirit Tower
03:17 Ziggurat
05:00 Spirit Tower
05:45 Ziggurat
05:46 Ziggurat
05:51 Halls of the Dead
06:42 Ziggurat
07:43 Spirit Tower
08:43 Black Citadel
09:16 Necropolis
11:15 Necropolis
12:03 Slaughterhouse
12:11 Ziggurat
12:14 Sacrificial Pit
13:22 Ziggurat
13:24 Ziggurat
14:19 Spirit Tower
14:20 Spirit Tower
14:25 Boneyard
14:29 Boneyard
14:58 Spirit Tower
» items
| Rod of Necromancy | 1 | |
| Dust of Appearance | 1 | |
2 total
1st.Legion (
green | 62 APM | 1079 actions | 17:32)
4 Archmage
2 Blizzard
2 Brilliance Aura
» actions
| Assign group hotkey | 16 | |
| Basic commands | 40 | |
| Build / train | 65 | |
| Enter build submenu | 25 | |
| Enter hero's abilities submenu | 4 | |
| Give item / drop item | 3 | |
| Remove unit from queue | 3 | |
| Right click | 335 | |
| Select / deselect | 303 | |
| Select group hotkey | 235 | |
| Use ability | 50 | |
1079 total
» units
| Peasant | 13 | |
| Footman | 4 | |
| Rifleman | 8 | |
| Mortar Team | 1 | |
| Siege Engine | 1 | |
27 total
» upgrades
| Masonry | 3 | |
| Gunpowder | 2 | |
| Armor | 2 | |
| Long Rifles | 1 | |
| Plating | 2 | |
| Defend | 1 | |
| Destroyer Form | | |
| Barrage | 1 | |
12 total
» buildings
| Altar of Kings | 1 | |
| Farm | 8 | |
| Barracks | 1 | |
| Blacksmith | 1 | |
| Lumber Mill | 1 | |
| Scout Tower | 7 | |
| Arcane Vault | 1 | |
| Arcane Tower | 2 | |
| Town Hall | 1 | |
| Keep | 1 | |
| Guard Tower | 4 | |
| Workshop | 1 | |
| Castle | 1 | |
30 total
» build order
00:04 Altar of Kings
00:07 Farm
00:31 Barracks
01:25 Farm
01:58 Blacksmith
02:08 Farm
02:42 Lumber Mill
02:55 Farm
03:11 Scout Tower
03:42 Arcane Vault
04:00 Arcane Tower
04:49 Farm
06:16 Town Hall
06:21 Scout Tower
06:46 Keep
07:00 Arcane Tower
08:22 Scout Tower
08:23 Scout Tower
08:49 Guard Tower
09:28 Workshop
11:01 Guard Tower
11:16 Castle
13:01 Farm
13:38 Scout Tower
14:05 Farm
14:36 Farm
14:42 Scout Tower
14:56 Guard Tower
14:58 Scout Tower
15:12 Guard Tower
» items
| Scroll of Regeneration | 4 | |
| Scroll of Town Portal | 3 | |
| Potion of Healing | 1 | |
8 total

»
Slamrox (
pink | 70 APM | 1218 actions | 17:27)
3 Demon Hunter
2 Mana Burn
1 Evasion
» actions
| Assign group hotkey | 15 | |
| Build / train | 73 | |
| Enter build submenu | 23 | |
| Enter hero's abilities submenu | 3 | |
| Right click | 758 | |
| Select / deselect | 178 | |
| Select group hotkey | 115 | |
| Use ability | 53 | |
1218 total
» units
| Wisp | 26 | |
| Archer | 9 | |
| Druid of the Claw | 6 | |
| Dryad | 9 | |
50 total
» upgrades
| Strength of the Wild | 3 | |
| Reinforced Hides | 1 | |
| Druid of the Claw Training | 2 | |
| Abolish Magic | 1 | |
| Mark of the Claw | 1 | |
8 total
» buildings
| Ancient of War | 1 | |
| Moon Well | 7 | |
| Altar of Elders | 1 | |
| Hunter's Hall | 1 | |
| Ancient of Wonders | 1 | |
| Ancient Protector | 4 | |
| Tree of Ages | 2 | |
| Ancient of Lore | 2 | |
| Tree of Life | 1 | |
| Tree of Eternity | 1 | |
21 total
» build order
00:09 Ancient of War
00:20 Moon Well
00:34 Altar of Elders
01:47 Moon Well
02:25 Hunter's Hall
02:43 Moon Well
02:59 Ancient of Wonders
03:34 Ancient Protector
04:11 Tree of Ages
04:11 Tree of Ages
04:19 Moon Well
05:17 Moon Well
06:42 Ancient of Lore
06:55 Ancient of Lore
07:05 Ancient Protector
07:51 Tree of Life
09:12 Tree of Eternity
11:48 Moon Well
13:04 Moon Well
14:38 Ancient Protector
15:07 Ancient Protector
» items
| Scroll of Town Portal | 1 | |
| Orb of Venom | 1 | |
| Potion of Healing | 1 | |
| Dust of Appearance | 1 | |
4 total
Chat log
(00:11 / Allies) 1st.Legion: units?
(00:20 / Allies) THEYCALLMEGREAT: flying dildo
(00:21 / Allies) THEYCALLMEGREAT: s
(00:26 / Allies) 1st.Legion: k good
(00:34 / Allies) THEYCALLMEGREAT: getting air bra
(00:39 / Allies) THEYCALLMEGREAT: gold pink..
(00:49 / Allies) Slamrox: bears n drayds
(00:55 / Allies) 1st.Legion: destros or wyrms teal?
(00:55 / Allies) THEYCALLMEGREAT: 100 gold
(01:04 / Allies) THEYCALLMEGREAT: des / wyrms
(01:07 / Allies) THEYCALLMEGREAT: fiens
(01:28 / All) THEYCALLMEGREAT: failure
(01:38 / Allies) THEYCALLMEGREAT: too many units on gold..
(01:52 / Allies) Slamrox: lol
(02:06 / Allies) THEYCALLMEGREAT: still to many units lol
(02:37 / Allies) THEYCALLMEGREAT: yello tower
(03:11 / All) THEYCALLMEGREAT: ahahha
(03:28 / Allies) THEYCALLMEGREAT: pink lets hit top come...
(03:36 / Allies) Slamrox: sec lemme heal
(03:44 / Allies) THEYCALLMEGREAT: they will hit him
(03:53 / Allies) THEYCALLMEGREAT: yello use workers ffs i gave u lumber n shit
(04:07 / Allies) Slamrox: brt
(04:29 / Allies) THEYCALLMEGREAT: after we back we expo
(04:35 / Allies) Slamrox: k
(04:35 / Allies) Slamrox: lead
(06:27 / Allies) THEYCALLMEGREAT: run
(07:31 / Allies) Slamrox: wth
(07:41 / Allies) THEYCALLMEGREAT: green u fucking noob
(07:44 / Allies) 1st.Legion: ?
(07:52 / Allies) 1st.Legion: you're the one straight teching brah
(07:53 / Allies) THEYCALLMEGREAT: ur fucking ccing
(07:55 / Allies) THEYCALLMEGREAT: u fucking noob
(08:30 / Allies) THEYCALLMEGREAT: see u fucking blind fuck
(08:58 / Allies) Slamrox: wanna tap that red teal?
(09:30 / Allies) THEYCALLMEGREAT: green u see it now?
(09:32 / Allies) THEYCALLMEGREAT: u fucking noob
(09:44 / Allies) THEYCALLMEGREAT: gj yello
(09:47 / Allies) 1st.Legion: you are 361-380, please don't talk back to me
(11:39 / Allies) THEYCALLMEGREAT: yea green
(11:52 / Allies) THEYCALLMEGREAT: 1 win 1 los noob
(11:58 / Allies) 1st.Legion: 50% higher tahn you
(12:03 / Allies) 1st.Legion: this isa smurf btw
(12:04 / Allies) THEYCALLMEGREAT: lol
(12:07 / Allies) THEYCALLMEGREAT: u fucking suck
(12:08 / Allies) THEYCALLMEGREAT: 1v1
(12:12 / Allies) 1st.Legion: ok let's 1v1 after
(12:15 / Allies) THEYCALLMEGREAT: k
(13:42 / Allies) Slamrox: b
(13:42 / Allies) Slamrox: b
(14:37 / Allies) THEYCALLMEGREAT: lumber please
(14:39 / Allies) 1st.Legion: no
(14:47 / Allies) THEYCALLMEGREAT: dont want anything from
(14:47 / Allies) 1st.Legion: get your own noob
(14:48 / Allies) THEYCALLMEGREAT: u
(14:49 / Allies) THEYCALLMEGREAT: u need it
(14:50 / Allies) THEYCALLMEGREAT: lol
(14:53 / Allies) 1st.Legion: yea
(15:02 / Allies) THEYCALLMEGREAT: fuz u fucking suck balls
(15:09 / Allies) 1st.Legion: cool
(15:52 / All) THEYCALLMEGREAT: green is tking lol nooob sucks
(16:14 / Allies) Slamrox: lol
(16:15 / Allies) Slamrox: moron
(17:12 / All) 1st.Legion: he isn't replying to my whispers, he pussed out of his 1v1 offer
(17:27 / All) Slamrox: nobody gives a fuck
(17:30 / All) 1st.Legion: raped